 Dungeon Crawl Stone Soup version 0.31-a0-121-g1e386dd289 (webtiles) character file.

Game seed: 15287639006222767123

11911 chunkyMonkey the Protected (level 12, -6/100 HPs)
             Began as a Meteoran Fighter on May 31, 2023.
             Was a Priest of Okawaru.
             Mangled by a catoblepas (10 damage)
             ... while petrified by a catoblepas
             ... on level 11 of the Dungeon.
             The game lasted 00:43:00 (6035 turns).

chunkyMonkey the Protected (Meteoran Fighter)       Turns: 6035, Time: 00:43:00

Health: -6/100     AC: 22    Str: 21    XL:     12   Next: 41%
Magic:  23/23      EV:  2    Int: 13    God:    Okawaru [***...]
Gold:   557        SH:  0    Dex: 25    Spells: 25/25 levels left

rFire   . . .        a - +5 hand axe
rCold   + . .        B - +0 kite shield
rNeg    + + +        I - +2 plate armour {rC+}
rPois   ∞            b - +1 helmet
rElec   .            G - +0 cloak
rCorr   .            t - +0 pair of gloves
SInv    .            (no boots)
Will    +....        (no amulet) Stlth
                     f - +6 ring of dexterity
HPRegen 0.36/turn    D - +6 ring of dexterity
MPRegen 0.18/turn

%: no passive effects
@: petrified, glowing
A: sense surroundings 2, otherworldly, glowing, explore regen
a: Renounce Religion, Heroism


You were on level 11 of the Dungeon.
You worshipped Okawaru.
Okawaru was most pleased with you.
You visited 1 branch of the dungeon, and saw 11 of its levels.
You also visited: Bailey and Ice Cave.

You collected 606 gold pieces.
You spent 49 gold pieces at shops.

Inventory:

Hand Weapons
 a - a +5 hand axe (weapon)
 e - a +0 dagger of venom
 x - a +0 hand axe of draining
 y - a +0 broad axe
 C - a +3 morningstar
 H - a +2 vampiric whip
 J - a +1 flail of holy wrath
Missiles
 g - 29 poisoned darts (quivered)
 K - 12 curare-tipped darts
 L - 2 throwing nets
Armour
 b - a +1 helmet (worn)
 t - a +0 pair of gloves (worn)
 B - a +0 kite shield (worn)
 G - a +0 cloak (worn)
 I - a +2 plate armour of cold resistance (worn)
Jewellery
 f - a +6 ring of dexterity (left hand)
 n - a ring of poison resistance
 q - a ring of wizardry
 v - a ring of willpower
 D - a +6 ring of dexterity (right hand)
 E - a +4 ring of protection
Wands
 c - a wand of iceblast (3)
 m - a wand of flame (5)
Scrolls
 h - a scroll of silence
 i - a scroll of vulnerability
 j - 5 scrolls of teleportation
 k - a scroll of poison
 o - 4 scrolls of fear
 r - a scroll of fog
Potions
 d - 4 potions of might
 l - a potion of cancellation
 p - 4 potions of curing
 s - 2 potions of resistance {unknown}
 u - a potion of berserk rage {unknown}
 w - 2 potions of magic {unknown}
 A - 2 potions of enlightenment {unknown}
 F - 2 potions of heal wounds {unknown}
 M - 2 potions of lignification {unknown}
Miscellaneous
 N - a lightning rod (inert)


   Skills:
 + Level 7.5 Fighting
 * Level 10.4 Axes
 * Level 11.0 Armour
 + Level 7.1 Dodging
 * Level 10.9 Shields
 + Level 7.1 Spellcasting
 - Level 5.0 Invocations


You had 25 spell levels left.
You didn't know any spells.
Your spell library contained the following spells:

 Spells                   Type           Power      Damage    Failure   Level
 Necrotise                Necr           16%        1d4       98%         1
 Cigotuvi's Dreadful Rot  Necr/Pois/Air  8%         N/A       99%         2
 Dazzling Flash           Conj/Hex       8%         N/A       100%        3
 Ozocubu's Armour         Ice            4%         N/A       100%        3
 Vampiric Draining        Necr           4%         2d6       100%        3
 Volatile Blastmotes      Fire/Tloc      8%         2d10      100%        3
 Dispel Undead            Necr           4%         3d7       100%        4
 Iskenderun's Mystic Bla  Conj/Tloc      4%         2d3       100%        4
 Agony                    Necr           4%         N/A       100%        5
 Metabolic Englaciation   Hex/Ice        2%         N/A       100%        5
 Starburst                Conj/Fire      2%         6d3       100%        6
 Death Channel            Necr           Unusable   N/A       N/A         6
 Simulacrum               Ice/Necr       Unusable   N/A       N/A         6

Dungeon Overview and Level Annotations

Branches:
Dungeon (11/15) Zot: 864   Temple (0/1) D:7            Lair (0/5) D:9
    Orc (0/2) D:11         Bailey (visited)           IceCv (visited)

Altars:
Fedhas
Kikubaaqudgha
Okawaru

Shops:
D:9 [


Innate Abilities, Weirdness & Mutations

You passively map the area around you.
You are easily found by Zot.
You glow in the dark.
You regain HP and MP as you explore.


Message History

The boulder beetle leaps!
You are engulfed in calcifying dust.
The catoblepas gores you!!
You are engulfed in calcifying dust.
The catoblepas breathes a plume of calcifying dust at you.
The blast of calcifying dust hits you but does no damage.
The catoblepas gores you but does no damage. x2
You turn to flesh and can move again.
You completely miss the catoblepas.
The catoblepas is heavily wounded.
The catoblepas breathes a plume of calcifying dust at you.
The blast of calcifying dust hits you.
You slash the catoblepas!
The catoblepas is heavily wounded.
You are engulfed in calcifying dust.
The boulder beetle curls into a ball and begins rolling!
You block the catoblepas's attack.
You slash the catoblepas!
The catoblepas is severely wounded.
You are engulfed in calcifying dust.
You are slowing down.
You feel like a meek peon again.
The boulder beetle stops rolling and uncurls.
You hit the catoblepas but do no damage.
The catoblepas is severely wounded.
You are engulfed in calcifying dust.
Your limbs have turned to stone.
The catoblepas gores you.
The basilisk hisses menacingly.
The catoblepas gores you!!
* * * LOW HITPOINT WARNING * * *
You have turned to stone.
You are engulfed in calcifying dust.
The catoblepas breathes a plume of calcifying dust at you.
The blast of calcifying dust hits you but does no damage.
You are engulfed in calcifying dust.
The catoblepas gores you!!
* * * LOW HITPOINT WARNING * * *
You are engulfed in calcifying dust.
The catoblepas gores you!
* * * LOW HITPOINT WARNING * * *
You are engulfed in calcifying dust.
The catoblepas barely misses you. The catoblepas gores you!!
You die...

####***#####
#..,,,,,...# *###
#.#*######.####...
#.###.............
#.##............#*
#@##..####.#.#.##
#Y##..####.#.#.#
#B##.....#.#.#.###
#l##...#.#.#..#...
#####lB$...#.....##.##
#....l.l..........#.#
#.####.###.....###..##
*,***...**###### #..))
****.....** #####


You could see a catoblepas, 2 boulder beetles and 3 basilisks.

Vanquished Creatures
  2 two-headed ogres
  An ugly thing (IceCv)
  A manticore (D:11)
  2 gargoyles
  2 kobold demonologists
  A komodo dragon (D:9)
  2 ice devils (D:11)
  3 trolls (D:11)
  A meliai (shapeshifter) (D:11)
  Sigmund (D:4)
  A shadow (D:10)
  A steam dragon (D:8)
  7 yaks
  A hydra simulacrum (IceCv)
  3 water moccasins
  A black bear (D:5)
  12 orc warriors
  A sky beast (D:7)
  4 ice beasts
  An ogre (D:5)
  3 centaurs
  3 phantoms
  7 kobold brigands
  6 bullfrogs
  A gnoll sergeant (D:10)
  2 scorpions
  2 cane toad simulacra (IceCv)
  4 wights (D:7)
  An elephant simulacrum (IceCv)
  5 killer bees
  7 howler monkeys
  4 hounds
  4 jellies
  7 orc priests
  2 gnoll boudas (D:9)
  6 iguanas
  2 sleepcaps
  12 orc wizards
  2 polar bear simulacra (IceCv)
  A wolf simulacrum (IceCv)
  14 gnolls
  9 adders
  A shadow imp (D:6)
  A white imp (D:5)
  An ufetubus (D:4)
  3 worms
  4 dart slugs
  36 orcs
  5 ball pythons
  8 endoplasms
  A giant cockroach (D:2)
  9 goblins
  9 hobgoblins
  2 jackals (D:2)
  3 quokkas
  3 bats
  3 frilled lizards
  20 kobolds
  6 rats
267 creatures vanquished.

Notes
Turn   | Place    | Note
-------+----------+-------------------------------------------
     0 | D:1      | chunkyMonkey the Meteoran Fighter began the quest for the
                  | Orb.
     0 | D:1      | Reached XP level 1. HP: 19/19 MP: 2/2
    90 | D:1      | Reached XP level 2. HP: 26/26 MP: 3/3
   352 | D:1      | Reached skill level 4 in Armour
   352 | D:1      | Reached XP level 3. HP: 31/31 MP: 4/4
   485 | D:1      | Glimpsed the power of Zot.
   535 | D:1      | Glimpsed the power of Zot.
   553 | D:2      | Reached skill level 1 in Dodging
   612 | D:2      | Found a faded altar of an unknown god.
   627 | D:2      | Reached skill level 1 in Spellcasting
   699 | D:2      | Reached XP level 4. HP: 38/38 MP: 6/6
   967 | D:3      | Found an iron altar of Okawaru.
   972 | D:3      | Became a worshipper of Warmaster Okawaru
  1100 | D:3      | Reached XP level 5. HP: 45/45 MP: 8/8
  1602 | D:4      | Found an ancient bone altar of Kikubaaqudgha.
  1602 | D:4      | Noticed a phantom
  1618 | D:4      | Killed a phantom
  1619 | D:4      | Reached XP level 6. HP: 47/52 MP: 10/10
  1761 | D:4      | Noticed Sigmund
  1766 | D:4      | Killed Sigmund
  1766 | D:4      | Reached * piety under Okawaru
  1767 | D:4      | Reached skill level 5 in Armour
  1767 | D:4      | Reached skill level 5 in Shields
  1767 | D:4      | Reached skill level 1 in Invocations
  1767 | D:4      | Reached XP level 7. HP: 59/59 MP: 11/11
  1871 | D:4      | Reached ** piety under Okawaru
  2087 | D:5      | Entered Level 5 of the Dungeon
  2151 | D:5      | Reached XP level 8. HP: 57/67 MP: 13/13
  2407 | D:5      | Reached skill level 5 in Axes
  2407 | D:5      | Reached skill level 6 in Armour
  2655 | D:5      | Gained mutation: You passively map the area around you.
                  | [Meteoran growth]
  2655 | D:5      | Reached XP level 9. HP: 71/72 MP: 15/15
  2720 | D:5      | Reached *** piety under Okawaru
  2721 | D:5      | Reached skill level 5 in Fighting
  2781 | D:5      | Reached skill level 7 in Armour
  2814 | D:5      | Glimpsed the power of Zot.
  2865 | D:5      | Glimpsed the power of Zot.
  2905 | D:5      | Glimpsed the power of Zot.
  3329 | D:6      | Identified the +4 longbow "Efrutuf" {heavy, Will+ Int+4}
  3407 | D:6      | Glimpsed the power of Zot.
  3484 | D:7      | Reached XP level 10. HP: 69/81 MP: 17/17
  3527 | D:7      | Found a staircase to the Ecumenical Temple.
  3627 | D:7      | Found a blossoming altar of Fedhas.
  3641 | D:7      | Reached skill level 8 in Armour
  3711 | D:7      | Reached skill level 5 in Dodging
  3799 | D:7      | Reached skill level 5 in Spellcasting
  3975 | D:8      | Reached skill level 5 in Invocations
  4293 | D:9      | Found Qioqiugump's Armour Shoppe.
  4327 | D:9      | Found a flagged portal.
  4342 | Bailey   | Entered a bailey
  4410 | Bailey   | Reached skill level 9 in Armour
  4432 | Bailey   | Reached XP level 11. HP: 59/89 MP: 18/20
  4448 | Bailey   | Found an iron altar of Okawaru.
  4567 | D:9      | Noticed a soul eater
  4571 | D:9      | Noticed a sixfirhy
  4773 | D:9      | Bought a +0 kite shield for 49 gold pieces
  4830 | D:9      | Found a staircase to the Lair.
  4876 | D:10     | Entered Level 10 of the Dungeon
  5065 | D:10     | Reached **** piety under Okawaru
  5069 | D:10     | Reached skill level 10 in Armour
  5255 | D:10     | Reached skill level 10 in Shields
  5273 | D:10     | Noticed a two-headed ogre
  5277 | D:10     | Killed a two-headed ogre
  5431 | D:11     | Found a frozen archway.
  5481 | IceCv    | Entered an ice cave
  5512 | IceCv    | Noticed an ice statue
  5516 | IceCv    | Noticed a white ugly thing
  5531 | IceCv    | Killed a white ugly thing
  5535 | IceCv    | Noticed an ice statue
  5653 | D:11     | Noticed a two-headed ogre
  5663 | D:11     | Killed a two-headed ogre
  5664 | D:11     | Reached XP level 12. HP: 59/100 MP: 21/23
  5681 | D:11     | Reached skill level 10 in Axes
  5892 | D:11     | Found a staircase to the Orcish Mines.
  5940 | D:11     | Noticed a boulder beetle
  5940 | D:11     | Noticed a catoblepas
  5960 | D:11     | Reached skill level 11 in Armour
  5993 | D:11     | Noticed a boulder beetle
  6033 | D:11     | HP: 4/100 [catoblepas (5)]
  6035 | D:11     | Mangled by a catoblepas

Illustrated notes

Levels and vault maps discovered:
D:1:      psy_arrival_basics, layout_loops_ring, nicolae_figureground_pulse
D:2:      layout_rooms, ebering_ecumenical_altar_petrified
D:3:      cheibrodos_helix_gallery, layout_loops_ring,
          mainiacjoe_overflow_alcove_1
D:4:      layout_basic, nicolae_overflow_crystal_walls, uniq_sigmund
D:5:      kennysheep_windowed_halls, layout_basic, grunt_ministairs_11,
          hangedman_decor_lopped
D:6:      layout_cave_pods
D:7:      layout_loops_cross, fedhas_bush_and_centaur_altar,
          minmay_temple_entry_tees, minmay_curled_crystal
D:8:      layout_loops_ring, nicolae_elevator_lobby_asterisk
D:9:      layout_irregular_city, nicolae_overflow_hidden_temple,
          david_lair_shrubbed, enter_bailey_3, serial_shops, shop
D:10:     layout_cave_pods, nicolae_the_louvre
D:11:     minmay_roctagon, layout_loops_ring, david_orc_4,
          portal_ice_cave_demonic_guard

Skill      XL: |  1  2  3  4  5  6  7  8  9 10 11 12 |
---------------+-------------------------------------+-----
Armour         | 4 5 6 7 9 10 11 | 11.0
Dodging        | 1 2 3 4 5 6 7 |  7.1
Shields        | 4 5 6 7 9 10 | 10.9
Spellcasting   | 1 2 3 4 5 6 7 |  7.1
Axes           | 3 4 5 6 8 9 10 | 10.4
Fighting       | 4 5 6 7 |  7.5
Invocations    | 1 3 4 5 |  5.0

Action                     |  1- 3 |  4- 6 |  7- 9 | 10-12 || total
---------------------------+-------+-------+-------+-------++-------
  Melee: War axe           |    60 |    86 |   285 |    16 ||   447
         Dagger            |       |       |     4 |       ||     4
         Hand axe          |       |       |       |   572 ||   572
  Throw: Dart              |       |       |     2 |       ||     2
 Invoke: Heroism           |       |       |    10 |    29 ||    39
  Evoke: Wand              |       |     5 |     5 |    16 ||    26
         Lightning rod     |       |       |       |     7 ||     7
    Use: Scroll            |       |     4 |     6 |     8 ||    18
         Potion            |       |       |       |     1 ||     1
   Stab: Petrified         |       |       |       |     4 ||     4
 Armour: Scale mail        |    32 |    37 |       |       ||    69
         Chain mail        |       |       |   134 |       ||   134
         Plate armour      |       |       |    16 |   262 ||   278
  Dodge: Dodged            |    22 |    33 |   109 |   186 ||   350
  Block: Buckler           |    28 |    29 |   108 |    95 ||   260
         Kite shield       |       |       |       |   232 ||   232

Table legend: (Time is in decaauts)
 A = Elapsed time spent in this place.
 B = Non-inter-level travel time spent in this place.
 C = Inter-level travel time spent in this place.
 D = Time resting spent in this place.
 E = Time spent auto-exploring this place.
 F = Levels seen in this place.
 G = Mean time per level.
                   A        B        C        D        E       F      G
               +--------+--------+--------+--------+--------+-----+--------+
         Total |   5988 |   5619 |    369 |      0 |      0 |  13 |  460.6 |
       Dungeon |   5734 |   5365 |    369 |      0 |      0 |  11 |  521.3 |
        Bailey |    139 |    139 |      0 |      0 |      0 |   1 |  139.0 |
      Ice Cave |    114 |    114 |      0 |      0 |      0 |   1 |  114.0 |
               +--------+--------+--------+--------+--------+-----+--------+

Top non-repeatable levels by time:
     D:5: 842 daAuts
     D:3: 625 daAuts
     D:1: 557 daAuts
     D:4: 556 daAuts
    D:10: 516 daAuts
     D:6: 511 daAuts
     D:9: 474 daAuts
    D:11: 436 daAuts
     D:7: 429 daAuts
     D:2: 410 daAuts
     D:8: 372 daAuts
  Bailey: 139 daAuts
   IceCv: 114 daAuts
